TOP OF THE 1ST |
---|
Moose Jaw Ghostbusters batting - Pitching for Red Deer Wranglers : RHP Michael Walton | Pitching: RHP Michael Walton | | Batting: RHB Johnny MacNamara | 0-0: Called Strike 0-1: Ball 1-1: Ground out U3 (Groundball, 34) | Batting: LHB John Stone | 0-0: Ball 1-0: Ground out 5-3 (Groundball, 5) | Batting: RHB Billy Mullins | 0-0: Ball 1-0: Called Strike 1-1: Ball 2-1: Ball 3-1: Foul Ball, location: 2F 3-2: Foul Ball, location: 2F 3-2: Strikes out swinging | Top of the 1st over - 0 runs, 0 hits, 0 errors, 0 left on base; Moose Jaw 0 - Red Deer 0 | BOTTOM OF THE 1ST |
---|
Red Deer Wranglers batting - Pitching for Moose Jaw Ghostbusters : RHP Bennett Greer | Pitching: RHP Bennett Greer | | Batting: LHB Francisco Blanco | 0-0: Called Strike 0-1: Ball 1-1: Ball 2-1: DOUBLE (Groundball, 5L) | Batting: SHB Robbie Rhodes | 0-0: Called Strike 0-1: Ball 1-1: SINGLE (Line Drive, 34D) Francisco Blanco to third Runner from 3rd tries for Home, SAFE, no throw | Batting: LHB Edgar López | 0-0: Called Strike 0-1: Ball Robbie Rhodes is caught stealing 2nd base 1-1: Called Strike 1-2: Ball 2-2: Strikes out swinging | Batting: RHB Xavier López | 0-0: Called Strike 0-1: Ground out 5-3 (Groundball, 5) | Bottom of the 1st over - 1 run, 2 hits, 0 errors, 0 left on base; Moose Jaw 0 - Red Deer 1 | TOP OF THE 2ND |
---|
Moose Jaw Ghostbusters batting - Pitching for Red Deer Wranglers : RHP Michael Walton | Batting: RHB Yasuhiko Sumita | 0-0: Ball 1-0: Called Strike 1-1: DOUBLE (Line Drive, 89D) | Batting: LHB Jon Scott | 0-0: Ball 1-0: Foul Ball, location: 2F 1-1: Called Strike 1-2: Foul Ball, location: 2F 1-2: Strikes out looking | Batting: RHB Aaron Murray | 0-0: Called Strike 0-1: Ball 1-1: Fly out, F7 (Line Drive, 7) | Batting: LHB Tony Beck | 0-0: Called Strike 0-1: Ball 1-1: Called Strike 1-2: Ball 2-2: Strikes out swinging | Top of the 2nd over - 0 runs, 1 hit, 0 errors, 1 left on base; Moose Jaw 0 - Red Deer 1 | BOTTOM OF THE 2ND |
---|
Red Deer Wranglers batting - Pitching for Moose Jaw Ghostbusters : RHP Bennett Greer | Batting: RHB Pedro Cabrera | 0-0: Called Strike 0-1: Called Strike 0-2: Foul Ball, location: 2F 0-2: Foul Ball, location: 2F 0-2: Ground out 6-3 (Groundball, 6) | Batting: RHB Ben Fisher | 0-0: Called Strike 0-1: Ball 1-1: Ball 2-1: Fly out, F7 (Flyball, 7S) | Batting: LHB Héctor Santos | 0-0: Called Strike 0-1: Ball 1-1: Ball 2-1: SINGLE (Flyball, 9S) | Batting: RHB Ismael Ortíz | 0-0: Ball 1-0: Ball 2-0: Fly out, F9 (Flyball, 9LS) | Bottom of the 2nd over - 0 runs, 1 hit, 0 errors, 1 left on base; Moose Jaw 0 - Red Deer 1 | TOP OF THE 3RD |
---|
Moose Jaw Ghostbusters batting - Pitching for Red Deer Wranglers : RHP Michael Walton | Batting: RHB Bob Cole | 0-0: Ball 1-0: Called Strike 1-1: Ball 2-1: Called Strike 2-2: Foul Ball, location: 2F 2-2: Ball 3-2: Base on Balls | Batting: SHB Michael Miller | 0-0: DOUBLE (Line Drive, 9LM) Bob Cole to third | Batting: RHB Johnny MacNamara | 0-0: Ball 1-0: Ball 2-0: SINGLE (Line Drive, 9S) Bob Cole scores Michael Miller to third | Batting: LHB John Stone | 0-0: Ball 1-0: Swinging Strike 1-1: Grounds into double play, 6-4-3 (Groundball, 6M) Michael Miller scores | Batting: RHB Billy Mullins | 0-0: Called Strike 0-1: Ball 1-1: Ball 2-1: Foul Ball, location: 2F 2-2: Fly out, F9 (Line Drive, 9) | Top of the 3rd over - 2 runs, 2 hits, 0 errors, 0 left on base; Moose Jaw 2 - Red Deer 1 | BOTTOM OF THE 3RD |
---|
Red Deer Wranglers batting - Pitching for Moose Jaw Ghostbusters : RHP Bennett Greer | Batting: RHB Steve Burton | 0-0: Called Strike 0-1: Ball 1-1: Foul Ball, location: 2F 1-2: SINGLE (Flyball, 9S) | Batting: LHB Francisco Blanco | 0-0: Called Strike 0-1: Swinging Strike 0-2: Ball 1-2: Strikes out looking | Batting: SHB Robbie Rhodes | 0-0: Called Strike 0-1: Ball 1-1: Ball Steve Burton steals 2nd base 2-1: Ball 3-1: Called Strike 3-2: TRIPLE (Line Drive, 8LXD) Steve Burton scores | Batting: LHB Edgar López | 0-0: Ball 1-0: Ball 2-0: Ground out 3-1 (Groundball, 34) Robbie Rhodes scores | Batting: RHB Xavier López | 0-0: Ball 1-0: Foul Ball, location: 2F 1-1: Ground out 5-3 (Groundball, 5) | Bottom of the 3rd over - 2 runs, 2 hits, 0 errors, 0 left on base; Moose Jaw 2 - Red Deer 3 | TOP OF THE 4TH |
---|
Moose Jaw Ghostbusters batting - Pitching for Red Deer Wranglers : RHP Michael Walton | Batting: RHB Yasuhiko Sumita | 0-0: Ball 1-0: Swinging Strike 1-1: Swinging Strike 1-2: Ball 2-2: Fly out, F8 (Flyball, 78M) | Batting: LHB Jon Scott | 0-0: Ball 1-0: Foul Ball, location: 2F 1-1: Swinging Strike 1-2: Ball 2-2: Strikes out swinging | Batting: RHB Aaron Murray | 0-0: Swinging Strike 0-1: Fly out, F8 (Flyball, 8RS) | Top of the 4th over - 0 runs, 0 hits, 0 errors, 0 left on base; Moose Jaw 2 - Red Deer 3 | BOTTOM OF THE 4TH |
---|
Red Deer Wranglers batting - Pitching for Moose Jaw Ghostbusters : RHP Bennett Greer | Batting: RHB Pedro Cabrera | 0-0: Ball 1-0: Called Strike 1-1: Foul Ball, location: 2F 1-2: Strikes out swinging | Batting: RHB Ben Fisher | 0-0: Ball 1-0: Ball 2-0: Called Strike 2-1: Swinging Strike 2-2: Ball 3-2: Strikes out swinging | Batting: LHB Héctor Santos | 0-0: SINGLE (Groundball, 34S) (infield hit) | Batting: RHB Ismael Ortíz | 0-0: Ball 1-0: Called Strike 1-1: Swinging Strike 1-2: Ball 2-2: Ball 3-2: Base on Balls Héctor Santos to second | Batting: RHB Steve Burton | 0-0: Called Strike 0-1: Ball 1-1: 3-RUN HOME RUN (Flyball, 7LD), Distance : 334 ft | Batting: LHB Francisco Blanco | 0-0: Called Strike 0-1: Ball 1-1: Ball 2-1: Foul Ball, location: 2F 2-2: Ball 3-2: SOLO HOME RUN (Flyball, 9LD), Distance : 323 ft | Pitching: LHP Teuk-chin Kim | | Batting: SHB Robbie Rhodes | 0-0: Fly out, F7 (Flyball, 78S) | Bottom of the 4th over - 4 runs, 3 hits, 0 errors, 0 left on base; Moose Jaw 2 - Red Deer 7 | TOP OF THE 5TH |
---|
Moose Jaw Ghostbusters batting - Pitching for Red Deer Wranglers : RHP Michael Walton | Batting: LHB Tony Beck | 0-0: Foul Ball, location: 2F 0-1: Swinging Strike 0-2: Ball 1-2: Fly out, F5 (Popup, 5F) | Batting: RHB Bob Cole | 0-0: Called Strike 0-1: SINGLE (Groundball, 6MD) | Batting: SHB Michael Miller | 0-0: Ball 1-0: Called Strike 1-1: Ball 2-1: Ball 3-1: Base on Balls Bob Cole to second | Batting: RHB Johnny MacNamara | 0-0: Called Strike 0-1: Ball 1-1: Swinging Strike 1-2: Ball 2-2: Fly out, F9 (Flyball, 9) | Pitching: LHP Macy Catron | | Batting: LHB John Stone | 0-0: Ball 1-0: Ball 2-0: Ground out U3 (Groundball, 34) | Top of the 5th over - 0 runs, 1 hit, 0 errors, 2 left on base; Moose Jaw 2 - Red Deer 7 | BOTTOM OF THE 5TH |
---|
Red Deer Wranglers batting - Pitching for Moose Jaw Ghostbusters : LHP Teuk-chin Kim | Batting: LHB Edgar López | 0-0: Ball 1-0: Swinging Strike 1-1: Ball 2-1: Swinging Strike 2-2: Hit by Pitch | Batting: RHB Xavier López | 0-0: Grounds into double play, 4-6-3 (Groundball, 4) | Batting: RHB Pedro Cabrera | 0-0: Ball 1-0: Called Strike 1-1: Ball 2-1: Fly out, F7 (Flyball, 7LS) | Bottom of the 5th over - 0 runs, 0 hits, 0 errors, 0 left on base; Moose Jaw 2 - Red Deer 7 | TOP OF THE 6TH |
---|
Moose Jaw Ghostbusters batting - Pitching for Red Deer Wranglers : LHP Macy Catron | Batting: RHB Billy Mullins | 0-0: Foul Ball, location: 2F 0-1: Ball 1-1: DOUBLE (Line Drive, 7LM) | Batting: RHB Yasuhiko Sumita | 0-0: Ball 1-0: Called Strike 1-1: Ball 2-1: Called Strike 2-2: Fly out, F9 (Flyball, 89M) | Batting: LHB Jon Scott | 0-0: Called Strike 0-1: Ball 1-1: Fly out, F7 (Flyball, 78D) | Batting: RHB Aaron Murray | 0-0: Called Strike 0-1: Swinging Strike 0-2: SINGLE (Flyball, 9LS) Billy Mullins to third | Batting: LHB Tony Beck | 0-0: Ball 1-0: Called Strike 1-1: Called Strike 1-2: Ball 2-2: Strikes out swinging | Top of the 6th over - 0 runs, 2 hits, 0 errors, 2 left on base; Moose Jaw 2 - Red Deer 7 | BOTTOM OF THE 6TH |
---|
Red Deer Wranglers batting - Pitching for Moose Jaw Ghostbusters : LHP Teuk-chin Kim | Batting: RHB Ben Fisher | 0-0: Called Strike 0-1: Ball 1-1: Fly out, F9 (Flyball, 9) | Batting: LHB Héctor Santos | 0-0: Ball 1-0: Foul Ball, location: 2F 1-1: Foul Ball, location: 2F 1-2: Ground out 4-3 (Groundball, 34D) | Batting: RHB Ismael Ortíz | 0-0: Ball 1-0: Ball 2-0: Ball 3-0: Called Strike 3-1: Foul Ball, location: 2F 3-2: Foul Ball, location: 2F 3-2: Base on Balls | Batting: RHB Steve Burton | 0-0: Fly out, F3 (Popup, 3S) | Bottom of the 6th over - 0 runs, 0 hits, 0 errors, 1 left on base; Moose Jaw 2 - Red Deer 7 | TOP OF THE 7TH |
---|
Moose Jaw Ghostbusters batting - Pitching for Red Deer Wranglers : LHP Macy Catron | Batting: RHB Bob Cole | 0-0: Ground out 5-3 (Groundball, 56) | Batting: SHB Michael Miller | 0-0: Ball 1-0: Called Strike 1-1: Foul Ball, location: 2F 1-2: Foul Ball, location: 2F 1-2: Ball 2-2: Ball 3-2: Foul Ball, location: 2F 3-2: Ground out 6-3 (Groundball, 6) | Batting: RHB Johnny MacNamara | 0-0: Called Strike 0-1: Ball 1-1: Ball 2-1: Ball 3-1: Fly out, F6 (Line Drive, 6) | Top of the 7th over - 0 runs, 0 hits, 0 errors, 0 left on base; Moose Jaw 2 - Red Deer 7 | BOTTOM OF THE 7TH |
---|
Red Deer Wranglers batting - Pitching for Moose Jaw Ghostbusters : LHP Teuk-chin Kim | Batting: LHB Francisco Blanco | 0-0: Ball 1-0: Foul Ball, location: 2F 1-1: Ball 2-1: Foul Ball, location: 2F 2-2: Ball 3-2: Strikes out looking | Batting: SHB Robbie Rhodes | 0-0: Swinging Strike 0-1: Swinging Strike 0-2: Strikes out swinging | Batting: LHB Edgar López | 0-0: Called Strike 0-1: Ball 1-1: Ground out 4-3 (Groundball, 4) | Bottom of the 7th over - 0 runs, 0 hits, 0 errors, 0 left on base; Moose Jaw 2 - Red Deer 7 | TOP OF THE 8TH |
---|
Moose Jaw Ghostbusters batting - Pitching for Red Deer Wranglers : LHP Macy Catron | Batting: LHB John Stone | 0-0: Ball 1-0: Foul Ball, location: 2F 1-1: Ball 2-1: DOUBLE (Flyball, 8LD) | Batting: RHB Billy Mullins | 0-0: Called Strike 0-1: Ball 1-1: Swinging Strike 1-2: Ball 2-2: Foul Ball, location: 2F 2-2: Ball 3-2: Base on Balls | Batting: RHB Yasuhiko Sumita | 0-0: Fly out, F8 (Flyball, 8RS) | Batting: LHB Jon Scott | 0-0: SINGLE (Groundball, 6D) John Stone to third Billy Mullins to second | Batting: RHB Aaron Murray | 0-0: Called Strike 0-1: GRAND SLAM HOME RUN (Line Drive, 7LD), Distance : 332 ft | Pitching: RHP Pat Ferson | | Batting: LHB Tony Beck | 0-0: Ball 1-0: Called Strike 1-1: Ground out U3 (Groundball, 3L) | Batting: RHB Bob Cole | 0-0: Swinging Strike 0-1: Foul Ball, location: 2F 0-2: Ground out 5-3 (Groundball, 56S) | Top of the 8th over - 4 runs, 3 hits, 0 errors, 0 left on base; Moose Jaw 6 - Red Deer 7 | BOTTOM OF THE 8TH |
---|
Red Deer Wranglers batting - Pitching for Moose Jaw Ghostbusters : LHP Teuk-chin Kim | Pitching: RHP José Orozco | | Batting: RHB Xavier López | 0-0: Ground out 6-3 (Groundball, 6) | Batting: RHB Pedro Cabrera | 0-0: Called Strike 0-1: Foul Ball, location: 2F 0-2: SINGLE (Groundball, 56D) | Batting: RHB Ben Fisher | 0-0: Called Strike 0-1: Ball 1-1: Ball 2-1: Ball 3-1: Called Strike 3-2: Foul Ball, location: 2F 3-2: Base on Balls Pedro Cabrera to second | Batting: LHB Héctor Santos | 0-0: Ball 1-0: Ball 2-0: Foul Ball, location: 2F 2-1: Fly out, F9 (Flyball, 9LS) | Batting: RHB Ismael Ortíz | 0-0: Ball Passed Ball! Pedro Cabrera to third Ben Fisher to second 1-0: Fly out, F9 (Flyball, 9LS) | Bottom of the 8th over - 0 runs, 1 hit, 0 errors, 2 left on base; Moose Jaw 6 - Red Deer 7 | TOP OF THE 9TH |
---|
Moose Jaw Ghostbusters batting - Pitching for Red Deer Wranglers : RHP Pat Ferson | Pitching: RHP Raúl Zumaya | | Now at C: Ricardo González | | Now in LF: Andrew Veeck | | Pinch Hitting: LHB Jon Rogers | 0-0: Ball 1-0: Called Strike 1-1: Ball 2-1: Ball 3-1: Swinging Strike 3-2: Base on Balls | Batting: RHB Johnny MacNamara | 0-0: Ball 1-0: Ball 2-0: Called Strike 2-1: Foul Ball, location: 2F 2-2: Ball 3-2: Strikes out swinging | Batting: LHB John Stone | 0-0: Ball 1-0: Called Strike 1-1: Ball 2-1: Ball 3-1: Base on Balls Jon Rogers to second | Batting: RHB Billy Mullins | 0-0: Ball 1-0: Foul Ball, location: 2F 1-1: Swinging Strike 1-2: Ball 2-2: Ball 3-2: Base on Balls Jon Rogers to third John Stone to second | Batting: RHB Yasuhiko Sumita | 0-0: SINGLE (Groundball, 4MD) Jon Rogers scores John Stone to third Billy Mullins to second Runner from 3rd tries for Home, SAFE, no throw | Batting: LHB Jon Scott | 0-0: Grounds into double play, 4-6-3 (Groundball, 4) | Top of the 9th over - 2 runs, 1 hit, 0 errors, 1 left on base; Moose Jaw 8 - Red Deer 7 | BOTTOM OF THE 9TH |
---|
Red Deer Wranglers batting - Pitching for Moose Jaw Ghostbusters : RHP José Orozco | Pitching: RHP Pancho Hernández | | Now in RF: Jon Rogers | | Batting: RHB Steve Burton | 0-0: Ball 1-0: Foul Ball, location: 2F 1-1: SINGLE (Flyball, 7S) | Batting: LHB Francisco Blanco | 0-0: Ball 1-0: Foul Ball, location: 2F 1-1: Foul Ball, location: 2F 1-2: Strikes out swinging | Batting: SHB Robbie Rhodes | 0-0: Foul Ball, location: 2F 0-1: Foul Ball, location: 2F 0-2: Strikes out swinging | Batting: LHB Edgar López | Pickoff Throw to First - Out! | Bottom of the 9th over - 0 runs, 1 hit, 0 errors, 0 left on base; Moose Jaw 8 - Red Deer 7 | |